 Dungeon Crawl Stone Soup version 0.28-a0-1447-ga5a8893891 (webtiles) character file.

Game seed: 4198361633695504904

13148 lunkers the Nimble (level 11, 0/84 (90) HPs)
             Began as a Spriggan Delver on Jan 10, 2022.
             Was a Priest of Ashenzari.
             Slain by a minotaur (6 damage)
             ... in a Gauntlet on Jan 11, 2022.
             The game lasted 00:39:12 (19569 turns).

lunkers the Nimble (Spriggan Delver)               Turns: 19569, Time: 00:39:13

HP:   0/84 (90)     AC:  9    Str:  8    XL:     11   Next: 71%
MP:   18/25         EV: 29    Int: 15    God:    Ashenzari [***...]
Gold: 681           SH:  0    Dex: 20    Spells: 14/28 levels left

rFire   . . .      SeeInvis +   o - +0 short sword "Chained Chagrin" {freeze, Fort, Cun} (curse)
rCold   . . .      Faith    .   k - orb {guile}
rNeg    + . .      Spirit   .   t - +3 robe "Prescient Repose" {Dex+2 Stlth+, Self, Bglg} (curse)
rPois   .          Reflect  .   (helmet restricted)
rElec   .          Harm     .   (no cloak)
rCorr   .          Rampage  .   (gloves unavailable)
Will    .....      Clarity  +   (boots unavailable)
Stlth   .......... NoTele   +   (no amulet)
HPRegen 0.24/turn               m - ring of the Eternal Repose {rN+, Comp, Alch} (curse)
MPRegen 0.19/turn               s - ring "Henotheism of Ashenzari" {AC+4, Evo, Elem} (curse)

@: berserking, drained, very quick
A: very small, no large weapons, unfitting armour, see invisible, speed 3
a: Renounce Religion, Curse Item, Shatter the Chains


You were in a Gauntlet.
You worshipped Ashenzari.
Ashenzari was most pleased with you.
You visited 1 branch of the dungeon, and saw 12 of its levels.
You also visited: Gauntlet.

You collected 681 gold pieces.

Inventory:

Hand Weapons
 a - a +1 short sword
 o - the cursed +0 short sword "Chained Chagrin" (weapon) {freeze, Fort, Cun}
   (You took it off a kobold on level 2 of the Dungeon)

   It freezes those it strikes, dealing additional cold damage.
   It can also slow down cold-blooded creatures.
   It has a curse which improves the following skills: Fortitude: Armour and
   Shields.
   Cunning:   Dodging and Stealth.
Missiles
 r - 36 poisoned darts
 y - a curare-tipped dart
 z - a throwing net
Armour
 k - an orb of guile (worn)
 t - the cursed +3 robe "Prescient Repose" (worn) {Dex+2 Stlth+, Self, Bglg}
   (You found it on level 6 of the Dungeon)

   Dex:       It affects your dexterity (+2).
   Stlth:     It makes you more stealthy.
   It has a curse which improves the following skills: Introspection: Fighting
   and Spellcasting.
   Beguiling: Conjurations, Hexes and Translocations.
 C - a +0 troll leather armour
Jewellery
 l - a +6 ring of strength
 m - the cursed ring of the Eternal Repose (left hand) {rN+, Comp, Alch}
   (You found it on level 2 of the Dungeon)

   [ring of positive energy]

   rN:        It protects you from negative energy.
   It has a curse which improves the following skills: Companions: Summonings
   and Necromancy.
   Alchemy:   Poison Magic and Transmutations.
 n - a ring of magical power
 s - the cursed ring "Henotheism of Ashenzari" (right hand) {AC+4, Evo, Elem}
   (You found it on level 5 of the Dungeon)

   [ring of protection]

   AC:        It affects your AC (+4).
   It has a curse which improves the following skills: Evocations: Evocations.
   Elements:  Fire Magic, Ice Magic, Air Magic and Earth Magic.
 v - a ring of protection from cold
Wands
 b - a wand of flame (10)
 g - a wand of digging (3)
Scrolls
 c - 3 scrolls of fog
 d - 5 scrolls of magic mapping
 f - a scroll of enchant armour
 i - 2 scrolls of blinking
 w - a scroll of amnesia
 D - 3 scrolls of teleportation
Potions
 h - 2 potions of magic
 j - 2 potions of haste
 p - a potion of flight
 q - a potion of invisibility
 x - a potion of cancellation
 A - 2 potions of heal wounds
 F - a potion of brilliance
Miscellaneous
 B - a phantom mirror (inert)
 E - a box of beasts
 G - a tin of tremorstones (2/2)


   Skills:
 + Level 6.2(7.8) Fighting
 - Level 8.0 Short Blades
 + Level 12.4(14.0) Dodging
 - Level 10.9(12.5) Stealth
 + Level 7.6(9.2) Spellcasting
 - Level 5.2(6.8) Conjurations
 - Level 5.7(7.3) Ice Magic
 - Level 4.5(6.1) Evocations


You had 14 spell levels left.
You knew the following spells:

 Your Spells              Type           Power      Damage    Failure   Level
b - Freezing Cloud        Conj/Ice/Air   10%        6-21      38%         5
c - Mephitic Cloud        Conj/Pois/Air  14%        N/A       12%         3
d - Call Canine Familiar  Summ           7%         N/A       28%         3
e - Summon Guardian Gole  Hex/Summ       7%         N/A       28%         3

Your spell library contained the following spells:

 Spells                   Type           Power      Damage    Failure   Level
 Ozocubu's Armour         Ice            29%        N/A       1%          3
 Animate Skeleton         Necr           14%        N/A       10%         1
 Apportation              Tloc           14%        N/A       10%         1
 Beastly Appendage        Tmut           14%        N/A       10%         1
 Summon Small Mammal      Summ           28%        N/A       10%         1
 Wereblood                Tmut           7%         N/A       16%         2
 Ignite Poison            Fire/Tmut/Pois 7%         N/A       28%         3
 Portal Projectile        Hex/Tloc       14%        N/A       28%         3
 Spider Form              Tmut/Pois      7%         N/A       28%         3
 Metabolic Englaciation   Hex/Ice        9%         N/A       52%         5
 Lightning Bolt           Conj/Air       8%         1d21      56%         5
 Airstrike                Air            3%         N/A       67%         4
 Leda's Liquefaction      Hex/Erth       3%         N/A       67%         4
 Olgreb's Toxic Radiance  Pois           7%         N/A       67%         4
 Summon Lightning Spire   Summ/Air       7%         N/A       67%         4
 Simulacrum               Ice/Necr       9%         N/A       98%         6
 Orb of Destruction       Conj           13%        9d6       99%         7
 Summon Cactus Giant      Summ           3%         N/A       100%        6
 Spellforged Servitor     Conj/Summ      8%         N/A       100%        7
 Dragon's Call            Summ           3%         N/A       100%        9


Dungeon Overview and Level Annotations

Branches:
Dungeon (12/15)            Temple (0/1) D:7            Lair (0/6) D:10
    Orc (0/2) D:9         Gauntlet (1/1)

Altars:
Ashenzari
Makhleb

Shops:
D:2 !   D:9 [   D:12 !

Annotations:
D:2 Sigmund Gauntlet 6 transporters, exclusion: oklob plant


Innate Abilities, Weirdness & Mutations

You are very small and have problems with some larger weapons.
You are too small for most types of armour.
You have supernaturally acute eyesight. (SInv)
You cover ground extremely quickly. (Speed+++)


Message History

The minotaur hits your hound with the +5 war axe of the Maze {drain, Fragile +Blink Stlth+}!!
The minotaur drains your hound.
Your hound dies!
Your hound's corpse disappears in a puff of smoke!
The minotaur completely misses you.
You hit the minotaur. You freeze the minotaur.
The minotaur is lightly wounded.
You hit the minotaur. You freeze the minotaur.
The minotaur is lightly wounded.
The minotaur barely misses you.
The minotaur hits your guardian golem with the +5 war axe of the Maze {drain, Fragile +Blink Stlth+}.
The minotaur gores you!
* * * LOW HITPOINT WARNING * * *
You hit the minotaur but do no damage.
The minotaur is lightly wounded.
Unknown command.
You hit the minotaur but do no damage.
The minotaur is lightly wounded.
The minotaur completely misses you.
The minotaur hits your guardian golem with the +5 war axe of the Maze {drain, Fragile +Blink Stlth+}!!
Your guardian golem is destroyed!
Your guardian golem disappears in a puff of smoke!
The minotaur misses you.
Your magical contamination has completely faded away.
You hit the minotaur but do no damage.
The minotaur is lightly wounded.
You barely miss the minotaur.
The minotaur is lightly wounded.
The minotaur hits you with the +5 war axe of the Maze {drain, Fragile +Blink Stlth+}!!
* * * LOW HITPOINT WARNING * * *
You partially resist.
You feel drained.
* * * LOW HITPOINT WARNING * * *
The minotaur closely misses you.
You barely miss the minotaur.
The minotaur furiously retaliates!
The minotaur headbutts you, but does no damage.
The minotaur is lightly wounded.
You hit the minotaur. You freeze the minotaur.
The minotaur is moderately wounded.
The minotaur completely misses you. The minotaur gores you.
You die...

#.##.#..###.........8*
.....#..#....#.#...,,
######..#©...#,#.######*
......∩.#....# ..#8.8:8
*
........#....###.'.....
######..#©...#...#8,8,
.....#..#....#.#.#####
..^#.#..###..#.#H....#
.##.:#..§##.....@...8#
.##..#..###..###.##.##
©.#.©#..≈##... .....#
.##.[#.§###..########
.##.(#§§§#####
..^#.#.§## .....#..≈#
######..## ....§...≈#


You could see a minotaur.

Vanquished Creatures
  2 two-headed ogres
  A moth of wrath (Gauntlet)
  An ugly thing (D:11)
  A manticore (D:11)
  An unseen horror (D:9)
  Psyche (D:8)
  A komodo dragon (D:10)
  5 trolls
  A hornet (D:10)
  A wraith (D:10)
  15 yaks
  A steam dragon (D:7)
  4 vampire mosquitoes (D:12)
  Menkaure (D:6)
  2 small abominations (Gauntlet)
  4 water moccasins
  A sky beast (D:4)
  A nameless horror (D:11)
  5 orc warriors
  An ice beast (D:7)
  A black bear (D:10)
  A necrophage (D:6)
  6 wolves (Gauntlet)
  2 centaurs
  A kobold brigand (D:8)
  3 bullfrogs
  3 gnoll sergeants
  7 scorpions
  A wyvern zombie (D:8)
  A wyvern skeleton (D:6)
  A water moccasin zombie (D:7)
  3 killer bees (D:8)
  3 wights (D:8)
  A howler monkey (D:9)
  A bullfrog zombie (D:7)
  6 centaur zombies
  A gnoll shaman (D:5)
  7 orc priests
  A hound (D:5)
  2 jellies
  A centaur skeleton (D:6)
  An iguana (D:4)
  8 orc wizards
  20 gnolls
  3 adders
  2 white imps
  4 dart slugs
  29 orcs
  15 endoplasms
  5 giant cockroaches
  15 goblins
  9 hobgoblins
  5 quokkas
  4 ball pythons
  2 bats
  4 frilled lizards
  9 kobolds
  2 rats
240 creatures vanquished.

Vanquished Creatures (collateral kills)
  A hydra (D:11)
1 creature vanquished.

Vanquished Creatures (others)
  32 fungi (D:10)
  39 plants (D:10)
71 creatures vanquished.

Grand Total: 312 creatures vanquished

Notes
Turn   | Place    | Note
-------+----------+-------------------------------------------
     0 | D:5      | lunkers the Spriggan Delver began the quest for the Orb.
     0 | D:5      | Reached XP level 1. HP: 11/11 MP: 2/2
    78 | D:4      | Noticed a scorpion
   156 | D:4      | Noticed a scorpion
   172 | D:4      | Noticed a scorpion
   181 | D:4      | Killed a scorpion
   182 | D:4      | Reached skill level 3 in Dodging
   182 | D:4      | Reached XP level 2. HP: 15/16 MP: 3/3
   182 | D:4      | Reached XP level 3. HP: 17/19 MP: 4/4
   480 | D:2      | Found Negiow's Distillery.
   503 | D:1      | Reached XP level 4. HP: 23/23 MP: 5/5
  1746 | D:2      | Found a burning altar of Makhleb.
  1881 | D:2      | Noticed Sigmund
  2192 | D:2      | Reached skill level 4 in Dodging
  3054 | D:3      | Found a broken altar of Ashenzari.
  3088 | D:3      | Reached XP level 5. HP: 10/27 MP: 6/6
  3377 | D:3      | Identified the +2 pair of gloves of the Harvest {Harm rElec
                  | rN++}
  4004 | D:3      | Found a faded altar of an unknown god.
  4439 | D:3      | Became a worshipper of Ashenzari the Shackled
  4460 | D:4      | Noticed a sky beast
  4465 | D:4      | Reached skill level 5 in Short Blades
  4473 | D:4      | Killed a sky beast
  4474 | D:4      | Reached skill level 5 in Dodging
  4474 | D:4      | Reached XP level 6. HP: 32/32 MP: 7/7
  6100 | D:5      | Noticed a water moccasin
  6472 | D:5      | Killed a water moccasin
  6473 | D:5      | Reached skill level 6 in Dodging
  6473 | D:5      | Reached XP level 7. HP: 10/35 MP: 8/8
  6945 | D:5      | Reached skill level 10 in Stealth
  7393 | D:5      | Learned a level 3 spell: Mephitic Cloud
  7448 | D:5      | Reached skill level 1 in Spellcasting
  8549 | D:6      | Reached skill level 7 in Dodging
  8549 | D:6      | Reached XP level 8. HP: 30/39 MP: 9/11
  8659 | D:6      | Identified the +3 robe of the Sea {Dex+2 Stlth+}
  8727 | D:6      | Reached * piety under Ashenzari
  8945 | D:6      | Noticed Menkaure
  8953 | D:6      | Killed Menkaure
  9280 | D:6      | Reached ** piety under Ashenzari
  9586 | D:7      | Learned a level 5 spell: Freezing Cloud
  9755 | D:7      | Reached *** piety under Ashenzari
  9809 | D:7      | Reached skill level 1 in Ice Magic
  9989 | D:7      | Found a staircase to the Ecumenical Temple.
 10375 | D:7      | Reached skill level 8 in Dodging
 10706 | D:8      | Noticed a two-headed ogre
 11009 | D:8      | Killed a two-headed ogre
 11010 | D:8      | Reached skill level 1 in Conjurations
 11010 | D:8      | Reached XP level 9. HP: 16/45 MP: 10/19
 12809 | D:8      | Noticed Psyche
 12811 | D:8      | Killed Psyche
 12812 | D:8      | Reached skill level 9 in Dodging
 12812 | D:8      | Reached skill level 5 in Spellcasting
 13135 | D:9      | Noticed an unseen horror
 13141 | D:9      | Killed an unseen horror
 13763 | D:8      | Reached XP level 10. HP: 47/51 MP: 18/22
 14343 | D:9      | Found Plog's Armour Shoppe.
 14345 | D:9      | Found a staircase to the Orcish Mines.
 14488 | D:10     | Entered Level 10 of the Dungeon
 14500 | D:10     | Found a staircase to the Lair.
 14544 | D:10     | Reached skill level 5 in Ice Magic
 14967 | D:10     | Reached skill level 10 in Dodging
 15918 | D:10     | Reached skill level 5 in Conjurations
 15918 | D:10     | Reached XP level 11. HP: 10/56 MP: 23/25
 16296 | D:10     | Noticed a two-headed ogre
 16321 | D:10     | Killed a two-headed ogre
 16481 | D:10     | Identified the +0 robe of the Apprentice {Int+6}
 16930 | D:10     | Learned a level 3 spell: Call Canine Familiar
 16949 | D:10     | Reached skill level 1 in Evocations
 16954 | D:10     | Learned a level 3 spell: Summon Guardian Golem
 17091 | D:11     | Noticed a five-headed hydra
 17100 | D:11     | Killed a five-headed hydra
 17101 | D:11     | Reached skill level 11 in Dodging
 17456 | D:11     | Reached skill level 5 in Fighting
 17470 | D:11     | Noticed a white ugly thing
 17481 | D:11     | Killed a white ugly thing
 17547 | D:11     | Noticed a boulder beetle
 17877 | D:11     | Identified the +5 chain mail "Nud Qiuz" {Regen+ Dex+5}
 18553 | D:11     | Noticed a four-headed hydra
 18605 | D:12     | Noticed a +0 falchion
 18605 | D:12     | Noticed a +0 short sword
 18607 | D:12     | Noticed a +0 spear
 18608 | D:12     | Noticed a +0 spear
 18608 | D:12     | Noticed a +0 falchion
 18608 | D:12     | Noticed a +0 short sword
 18611 | D:12     | Noticed a +0 dagger
 18613 | D:12     | Noticed a +0 dagger
 18938 | D:12     | Found Rufreb's Distillery.
 19011 | D:12     | Found a gate leading to a gauntlet.
 19015 | D:12     | Reached skill level 12 in Dodging
 19028 | Gauntlet | Entered a Gauntlet
 19028 | Gauntlet | Noticed an oklob plant
 19028 | Gauntlet | Found a runed translucent gate.
 19028 | Gauntlet | Found a transporter.
 19028 | Gauntlet | Found a transporter.
 19028 | Gauntlet | Found a transporter.
 19029 | Gauntlet | Found a transporter.
 19030 | Gauntlet | Found a transporter.
 19031 | Gauntlet | Found a runed translucent gate.
 19032 | Gauntlet | Found a runed translucent gate.
 19033 | Gauntlet | Found a transporter.
 19043 | Gauntlet | Noticed a soul eater
 19048 | Gauntlet | Found a transporter.
 19049 | Gauntlet | Found a transporter.
 19051 | Gauntlet | Found a transporter.
 19051 | Gauntlet | Found a transporter.
 19052 | Gauntlet | Noticed a white ugly thing
 19056 | Gauntlet | Noticed a thrashing horror
 19058 | Gauntlet | Noticed a thrashing horror
 19059 | Gauntlet | Identified the Volume of Shifting Summoning
 19059 | Gauntlet | Identified Sif Muna's Collected Works on the Escort and
                  | Toxins
 19061 | Gauntlet | Found a transporter.
 19062 | Gauntlet | Identified the +0 helmet of the Dwarven Hall {Int+5}
 19064 | Gauntlet | Found a transporter.
 19537 | Gauntlet | Identified the +5 war axe of the Maze {drain, Fragile
                  | +Blink Stlth+}
 19537 | Gauntlet | Noticed a minotaur
 19569 | Gauntlet | Slain by a minotaur

Illustrated notes

Levels and vault maps discovered:
D:1:      dpeg_arrival_rooms_with_view, layout_loops_ring, serial_glass,
          glass_columns_c, glass_columns_a, feat_on_display, item_on_display_a,
          item_on_display_a, item_on_display_a
D:2:      layout_loops_corners, serial_shops, nicolae_shop_advertising_works
          [nicolae_subvault_shop_adworks], basic_altar,
          chequers_decorated_corner, grunt_decor_resistance,
          guppyfry_early_orc_mine, uniq_sigmund
D:3:      layout_basic, nicolae_ashenzari_skybound,
          hellmonk_ecumenical_altar_slurped_away
D:4:      layout_layer_cave, minivault_19
D:5:      layout_basic
D:6:      layout_basic, uniq_menkaure
D:7:      layout_loops_ring, minmay_temple_entry_statues_pillars,
          chequers_arboretum
D:8:      layout_basic, enter_bailey_7, uniq_psyche
D:9:      layout_rooms, orc_david_3
D:10:     layout_layer_cave, due_lair_maze_entry_diamond
D:11:     layout_stronghold, minmay_joined_circles
D:12:     layout_cross, serial_shops, shop, gauntlet_entry_generic,
          nicolae_uskayaw_en_pointe, uniq_josephine
Gauntlet: minmay_gauntlet_mixed_big_or_small [nicolae_gauntlet_arena_grate_2,
          minmay_gauntlet_arena_77_run_for_it,
          gammafunk_gauntlet_arena_chambers, minmay_gauntlet_arena_77_checkered,
          nicolae_gauntlet_arena_blocks, minmay_gauntlet_arena_77_p_blocks,
          nicolae_gauntlet_exit_dead_adventurers]

Skill      XL: |  1  2  3  4  5  6  7  8  9 10 11 |
---------------+----------------------------------+-----
Short Blades   | 3 4 5 6 7 8 |  8.0
Dodging        | 3 4 5 6 7 8 9 10 12 | 12.4
Stealth        | 8 9 10 | 10.9
Spellcasting   | 1 4 5 7 |  7.6
Ice Magic      | 3 4 5 |  5.7
Conjurations   | 1 2 5 |  5.2
Fighting       | 3 4 6 |  6.2
Evocations     | 4 |  4.5

Action                   |  1- 3 |  4- 6 |  7- 9 | 10-12 || total
-------------------------+-------+-------+-------+-------++-------
Melee: Short sword       |    13 |   346 |   500 |   641 ||  1500
       Punch             |       |     5 |    13 |    19 ||    37
 Cast: Mephitic Cloud    |       |       |    16 |    39 ||    55
       Summon Guardian G |       |       |       |     6 ||     6
       Call Canine Famil |       |       |       |     5 ||     5
Invok: Curse Item        |       |     1 |     3 |       ||     4
Evoke: Phantom mirror    |       |       |       |     1 ||     1
  Use: Scroll            |       |     9 |     1 |     3 ||    13
       Potion            |       |     4 |     1 |     4 ||     9
 Stab: Sleeping          |     3 |    29 |    16 |     9 ||    57
       Distracted        |       |     1 |     1 |     4 ||     6
       Confused          |       |       |    10 |    49 ||    59
Armor: Robe              |     1 |    11 |    24 |    69 ||   105
Dodge: Dodged            |     8 |   223 |   339 |   591 ||  1161

Table legend: (Time is in decaauts)
 A = Elapsed time spent in this place.
 B = Non-inter-level travel time spent in this place.
 C = Inter-level travel time spent in this place.
 D = Time resting spent in this place.
 E = Time spent auto-exploring this place.
 F = Levels seen in this place.
 G = Mean time per level.
                   A        B        C        D        E       F      G
               +--------+--------+--------+--------+--------+-----+--------+
         Total |  15274 |  14957 |    317 |   4223 |   7462 |  13 | 1174.9 |
       Dungeon |  14843 |  14526 |    317 |   3994 |   7460 |  12 | 1236.9 |
      Gauntlet |    430 |    430 |      0 |    229 |      2 |   1 |  430.0 |
               +--------+--------+--------+--------+--------+-----+--------+

Top non-repeatable levels by time:
     D:8: 2006 daAuts
    D:10: 1985 daAuts
     D:4: 1747 daAuts
     D:5: 1584 daAuts
     D:3: 1263 daAuts
     D:2: 1155 daAuts
     D:7: 1130 daAuts
     D:9: 946 daAuts
     D:1: 939 daAuts
     D:6: 932 daAuts
    D:11: 808 daAuts
Gauntlet: 430 daAuts
    D:12: 343 daAuts
